 Dungeon Crawl Stone Soup version 0.31-a0-1074-g0b22e4e0f1 (webtiles) character file.

Game seed: 2421888363536015743

5459 timneilson the Ruffian (level 10, -1/69 HPs)
             Began as an Octopode Shapeshifter on Dec 2, 2023.
             Was an Initiate of Gozag.
             Slain by a killer bee (8 damage)
             ... on level 8 of the Dungeon.
             The game lasted 00:16:21 (7697 turns).

timneilson the Ruffian (Octopode Shapeshifter)      Turns: 7697, Time: 00:16:22

Health: -1/69      AC:  1    Str: 18    XL:     10   Next: 68%
Magic:  19/19      EV: 15    Int: 18    God:    Gozag
Gold:   146        SH:  5    Dex: 12    Spells: 9/9 levels left

rFire   . .          .
                       - Unarmed
rCold   . . .        (no shield)
rNeg    . . .        (helmet currently unavailable)
rPois   .            y - amulet of reflection
rElec   +            m - ring of see invisible
rCorr   .            r - ring of magical power
SInv    +            s - ring of Unwuad {rElec Int+6}
Will    .....        (no ring)
Stlth   ++++         (no ring)
HPRegen 0.31/turn    (no ring)
MPRegen 0.16/turn    (no ring)
                     (no ring)

%: reflection
@: beast-form, gold aura, slowed, very slow
A: beast (slay +4), almost no armour, amphibious, 8 rings, camouflage 1,
gelatinous body 1, (nimble swimmer 1), tentacles
a: Begin Untransformation, Renounce Religion, Potion Petition, Call Merchant,
Bribe Branch


You were on level 8 of the Dungeon.
You worshipped Gozag.
Gozag was aware of your devotion.
You were a hulking beast.
You visited 2 branches of the dungeon, and saw 9 of its levels.

You collected 1275 gold pieces.
You spent 510 gold pieces at shops.
You paid 619 gold pieces to Gozag.

Inventory:

Missiles
 w - a throwing net
Jewellery
 m - a ring of see invisible (left tentacle)
 r - a ring of magical power (right tentacle)
 s - the ring of Unwuad (on tentacle) {rElec Int+6}
   (You found it on level 4 of the Dungeon)

   [ring of intelligence]

   Int+6:     It affects your intelligence (+6).
   rElec:     It insulates you from electricity.
 y - an amulet of reflection (around mantle)
Talismans
 b - a beast talisman
 c - a flux talisman
 e - a maw talisman
Wands
 f - a wand of digging (7)
 h - a wand of acid (3)
 z - a wand of iceblast (6)
 B - a wand of paralysis (8)
Scrolls
 d - 2 scrolls of enchant armour
 k - 2 scrolls of teleportation
 o - a scroll of poison
 t - 3 scrolls of blinking
 v - a scroll of fog
 A - a scroll of vulnerability
 E - a scroll of enchant weapon
Potions
 a - a potion of lignification
 g - a potion of invisibility
 l - a potion of mutation
 n - a potion of curing
 p - a potion of attraction {unknown}
 q - 2 potions of magic
 u - a potion of brilliance {unknown}
 x - a potion of berserk rage {unknown}


   Skills:
 * Level 6.9 Fighting
 * Level 7.3 Dodging
 + Level 6.9 Stealth
 * Level 7.6 Unarmed Combat
 + Level 5.0 Evocations
 * Level 7.1 Shapeshifting


You had 9 spell levels left.
You didn't know any spells.
Your spell library was empty.

Dungeon Overview and Level Annotations

Branches:
Dungeon (8/15)             Temple (1/1) D:5            Lair (0/5) D:8

Altars:
Ashenzari
Dithmenos
Elyvilon
Fedhas
Gozag
Hepliaklqana
Kikubaaqudgha
Makhleb
Nemelex Xobeh
Okawaru
Qazlal
Ru
Sif Muna
Trog
Uskayaw
Wu Jian
Yredelemnul
The Shining One

Shops:
D:7 =

Portals:
Abyss: D:4

Annotations:
D:4 2 transporters, 4 runed translucent doors, pigah's ghost, amateur OpSh


Innate Abilities, Weirdness & Mutations

You are a hulking beast.
Your limbs bulge with bestial killing power. (Slay +4)
You cannot wear most types of armour.
You are amphibious.
You can wear up to eight rings at the same time.
Your skin changes colour to match your surroundings (Stealth+).
Your rubbery body absorbs attacks. (AC +1, EV +1)
((You are camouflaged when in or above water. (Stealth+)))
You have tentacles for arms and can constrict up to eight enemies at once.


Message History

You feel better.
You constrict the hornet! The killer bee stings you.
* * * LOW HITPOINT WARNING * * *
The hornet completely misses you. The killer bee closely misses you.
You block the hornet's attack. The killer bee misses you.
You feel much better.
You constrict the hornet. The killer bee stings you!
You block the hornet's attack. The hornet stings you!
You feel as though you will be slow longer.
The hornet stings you.
You feel as though you will be slow longer.
You tentacle-slap the hornet. You squeeze the hornet.
You kill the hornet!
The killer bee stings you!
* * * LOW HITPOINT WARNING * * *
You are poisoned.
The killer bee poisons you! You block the killer bee's attack.
The killer bee misses you. The killer bee stings you.
* * * LOW HITPOINT WARNING * * *
You are lethally poisoned!
The killer bee poisons you! The killer bee closely misses you.
Your Evocations skill increases to level 5!
You feel better. The killer bee closely misses you. The killer bee misses you.
The killer bee closely misses you. You block the killer bee's attack.
The killer bee stings you.
* * * LOW HITPOINT WARNING * * *
The killer bee stings you.
* * * LOW HITPOINT WARNING * * *
You tentacle-slap the killer bee. Your grab misses the killer bee.
The killer bee is lightly wounded.
The killer bee stings you.
* * * LOW HITPOINT WARNING * * *
You are lethally poisoned!
The killer bee poisons you!
The killer bee completely misses you. x2
You block the killer bee's attack. The killer bee stings you.
* * * LOW HITPOINT WARNING * * *
You are more poisoned.
The killer bee poisons you!
Unknown command.
You feel better. The killer bee stings you!
You die...
Your body crumbles into a pile of gold.

.........$#.#.....#..
.....##..............
... #...)).#~.~..... .
#.#.............
#.##.#).......# #.
##.#.~.#...
#+###...y## #.
........yy# ...
....#####h## ..#
........#..### ..# .
#...#....# ..#
####...###..## ..#
#⌠.##'.#.⌠...##..#
#.........#......#####
#.......#####........
#.......#...#........
'..._..))...#........


You could see 3 killer bees.

Vanquished Creatures
  Maurice (D:7)
  Joseph (D:8)
  Jeremiah (D:6)
  A rime drake (D:8)
  2 hornets
  Grinder (D:5)
  Menkaure (D:6)
  2 water moccasins (D:5)
  6 ice beasts
  3 orc warriors
  2 black bears (D:6)
  3 ogres (D:6)
  A wolf (D:8)
  Blork the orc (D:5)
  3 phantoms
  A kobold brigand (D:8)
  4 bullfrogs
  A scorpion (D:5)
  6 killer bees
  2 electric eels (D:7)
  2 howler monkeys
  3 orc priests
  3 jellies
  A gnoll bouda (D:5)
  3 hounds
  Jessica (D:3)
  4 iguanas
  3 sleepcaps
  3 orc wizards
  Natasha (twice) (D:3)
  7 adders
  5 gnolls (D:5)
  A shadow imp (D:7)
  A white imp (D:4)
  2 ufetubi (D:7)
  6 worms
  3 dart slugs
  23 orcs
  8 ball pythons
  13 endoplasms
  3 giant cockroaches (D:1)
  11 goblins
  11 hobgoblins
  7 jackals
  6 quokkas
  5 bats
  7 frilled lizards
  9 kobolds
  7 rats
203 creatures vanquished.

Vanquished Creatures (others)
  An angel (D:8)
  An arcanist (D:6)
2 creatures vanquished.

Grand Total: 205 creatures vanquished

Notes
Turn   | Place    | Note
-------+----------+-------------------------------------------
     0 | D:1      | timneilson the Octopode Shapeshifter began the quest for
                  | the Orb.
     0 | D:1      | Reached XP level 1. HP: 13/13 MP: 1/1
    57 | D:1      | Reached XP level 2. HP: 14/18 MP: 2/2
   336 | D:1      | Reached skill level 1 in Stealth
   436 | D:1      | Reached XP level 3. HP: 21/23 MP: 3/3
   813 | D:1      | Found a faded altar of an unknown god.
   981 | D:2      | Reached XP level 4. HP: 24/29 MP: 2/4
  1015 | D:2      | Found an ancient bone altar of Kikubaaqudgha.
  1654 | D:3      | Reached XP level 5. HP: 32/34 MP: 3/5
  1797 | D:3      | Noticed Jessica
  1802 | D:3      | Killed Jessica
  1803 | D:3      | Reached skill level 1 in Evocations
  1850 | D:3      | Found a glowing golden altar of the Shining One.
  1852 | D:3      | Noticed an angel
  1857 | D:3      | Found a basalt altar of Yredelemnul.
  1859 | D:3      | Noticed a profane servitor
  2029 | D:3      | Noticed Natasha
  2037 | D:3      | Killed Natasha
  2068 | D:3      | Noticed Natasha
  2075 | D:3      | Killed Natasha
  2076 | D:3      | Reached XP level 6. HP: 18/41 MP: 3/6
  2521 | D:4      | Found an opulent altar of Gozag.
  2544 | D:4      | Became a worshipper of Gozag Ym Sagoz the Greedy
  2550 | D:4      | Noticed a small abomination
  2551 | D:4      | Found a one-way gate to the infinite horrors of the Abyss.
  2551 | D:4      | Noticed pigah's ghost (amateur OpSh)
  2567 | D:4      | Found a transporter.
  2586 | D:4      | Found a large runed translucent door.
  2596 | D:4      | Found a transporter.
  2644 | D:4      | Found a burning altar of Makhleb.
  2739 | D:4      | Found a large runed translucent door.
  2742 | D:4      | Noticed a wyvern
  2748 | D:4      | Found a large runed translucent door.
  2748 | D:4      | Found a large runed translucent door.
  2771 | D:4      | Reached XP level 7. HP: 38/46 MP: 5/7
  2862 | D:4      | Identified the ring of Unwuad {rElec Int+6}
  3397 | D:5      | Entered Level 5 of the Dungeon
  3628 | D:5      | Reached skill level 5 in Unarmed Combat
  3628 | D:5      | Reached XP level 8. HP: 21/54 MP: 8/8
  3890 | D:5      | Found a staircase to the Ecumenical Temple.
  3914 | Temple   | Entered the Ecumenical Temple
  4021 | D:5      | Reached skill level 5 in Shapeshifting
  4157 | D:5      | Found a hide-covered altar of Uskayaw.
  4228 | D:5      | Noticed Grinder
  4234 | D:5      | Paralysed by Grinder for 5 turns
  4247 | D:5      | Killed Grinder
  4257 | D:5      | Reached skill level 5 in Dodging
  4261 | D:5      | Noticed Blork the orc
  4270 | D:5      | Killed Blork the orc
  4710 | D:6      | Reached XP level 9. HP: 24/60 MP: 6/9
  4839 | D:6      | Noticed Jeremiah
  4845 | D:6      | Killed Jeremiah
  4846 | D:6      | Reached skill level 5 in Fighting
  4846 | D:6      | Reached skill level 5 in Stealth
  4918 | D:6      | Found a bloodstained altar of Trog.
  4920 | D:6      | Noticed an arcanist
  4925 | D:6      | Killed an arcanist
  5568 | D:6      | Noticed Menkaure
  5580 | D:6      | Killed Menkaure
  5697 | D:7      | Noticed Maurice
  5698 | D:7      | Maurice stole a flux talisman
  5700 | D:7      | Maurice stole a throwing net
  5702 | D:7      | Killed Maurice
  5772 | D:7      | Found a blossoming altar of Fedhas.
  5775 | D:7      | Found a white marble altar of Elyvilon.
  6286 | D:7      | Noticed a hornet
  6315 | D:7      | Killed a hornet
  6316 | D:7      | Reached XP level 10. HP: 52/68 MP: 10/10
  6710 | D:7      | Found a shimmering blue altar of Sif Muna.
  6848 | D:7      | Identified the +1 chain mail of the Gate {rF++ Str+5}
  7115 | D:7      | Bought an amulet of reflection for 510 gold pieces
  7160 | D:8      | Noticed Joseph
  7171 | D:8      | Killed Joseph
  7217 | D:8      | Found a broken altar of Ashenzari.
  7357 | D:8      | HP: 2/69 [wolf (12)]
  7519 | D:8      | Found a staircase to the Lair.
  7521 | D:8      | Killed an angel
  7695 | D:8      | Reached skill level 5 in Evocations
  7696 | D:8      | HP: 1/69 [killer bee (6)]
  7697 | D:8      | Slain by a killer bee

Illustrated notes

Levels and vault maps discovered:
D:1:      lemuel_arrival_cross, layout_basic,
          hellmonk_ecumenical_altar_crossroads, minmay_pentomino_z4
D:2:      minmay_razor_zed, layout_rooms, basic_altar
D:3:      layout_basic, grunt_temple_overflow_holy_war, uniq_natasha,
          uniq_jessica
D:4:      layout_basic, nicolae_gozag_seed_capital, makhleb_blood_cavern_becter,
          gammafunk_ghost_abyssal_escape, solitary_fountain,
          minmay_hollow_rounded_squares
D:5:      layout_basic, mainiacjoe_overflow_alcove_4,
          minmay_temple_entry_statues_fountains, uniq_grinder,
          uniq_blork_the_orc
D:6:      layout_loops_ring, trog_wizard, uniq_jeremiah, uniq_menkaure
D:7:      layout_loops_corners, kennysheep_little_box, nicolae_overflow_squiral,
          uniq_maurice
D:8:      layout_basic, grunt_temple_overflow_order_and_chaos_1,
          evilmike_ruin_ashenzari, hellmonk_lair_entry_icy, uniq_joseph,
          uniq_erica
Temple:   hellmonk_temple_forest_ring

Skill      XL: |  1  2  3  4  5  6  7  8  9 10 |
---------------+-------------------------------+-----
Stealth        | 1 2 3 4 6 |  6.9
Fighting       | 2 3 4 6 |  6.9
Dodging        | 3 4 5 6 7 |  7.3
Evocations     | 1 2 3 4 5 |  5.0
Unarmed Combat | 4 5 6 7 |  7.6
Shapeshifting  | 4 5 6 7 |  7.1

Action                     |  1- 3 |  4- 6 |  7- 9 | 10-12 || total
---------------------------+-------+-------+-------+-------++-------
  Melee: Unarmed           |    76 |   138 |   190 |   122 ||   526
         Constrict         |    20 |    36 |    38 |    23 ||   117
         Tentacles         |    10 |    30 |    48 |    29 ||   117
         Punch             |       |     4 |    10 |     6 ||    20
 Invoke: Call Merchant     |       |       |       |     1 ||     1
  Evoke: Wand              |       |       |     2 |     1 ||     3
    Use: Scroll            |     2 |     7 |     5 |     4 ||    18
         Potion            |       |       |     4 |     8 ||    12
   Stab: Sleeping          |     5 |    11 |    15 |     3 ||    34
         Distracted        |       |     2 |       |     1 ||     3
 Armour: Skin              |    30 |    53 |    80 |    72 ||   235
  Dodge: Dodged            |    45 |    66 |    95 |    80 ||   286
  Block: Other             |       |       |       |    17 ||    17

Table legend: (Time is in decaauts)
 A = Elapsed time spent in this place.
 B = Non-inter-level travel time spent in this place.
 C = Inter-level travel time spent in this place.
 D = Time resting spent in this place.
 E = Time spent auto-exploring this place.
 F = Levels seen in this place.
 G = Mean time per level.
                   A        B        C        D        E       F      G
               +--------+--------+--------+--------+--------+-----+--------+
         Total |   7652 |   7523 |    129 |    584 |   5040 |   9 |  850.2 |
       Dungeon |   7650 |   7521 |    129 |    584 |   5040 |   8 |  956.2 |
        Temple |      1 |      1 |      0 |      0 |      0 |   1 |    1.0 |
               +--------+--------+--------+--------+--------+-----+--------+

Top non-repeatable levels by time:
     D:7: 1426 daAuts
     D:5: 1250 daAuts
     D:6: 1034 daAuts
     D:4: 1020 daAuts
     D:1: 858 daAuts
     D:3: 771 daAuts
     D:2: 729 daAuts
     D:8: 559 daAuts
  Temple: 1 daAuts
